 Dungeon Crawl Stone Soup version 0.21.1-1-g345015f (webtiles) character file.

515 suicidejoker the Sneak (level 7, 0/46 HPs)
             Began as an Octopode Assassin on Apr 16, 2018.
             Was an Initiate of Gozag.
             Slain by a gnoll
             ... wielding a +0 falchion
              (6 damage)
             ... on level 4 of the Dungeon.
             The game lasted 00:12:36 (4059 turns).

suicidejoker the Sneak (Octopode Assassin)          Turns: 4059, Time: 00:12:37

Health: 0/46       AC:  3    Str: 15    XL:     7   Next: 20%
Magic:  11/11      EV: 14    Int: 13    God:    Gozag
Gold:   170        SH:  0    Dex: 14    Spells: 12/12 levels left

rFire    . . .     SeeInvis .   a - +2 dagger
rCold    . . .     Gourm    .   (no shield)
rNeg     . . .     Faith    .   B - +2 hat
rPois    .         Spirit   .   (no amulet)
rElec    .         Reflect  .   j - +3 ring of strength
rCorr    .         Harm     .   (no ring)
MR       .....                  (no ring)
Stlth    ++++......             (no ring)
HPRegen  0.15/turn              (no ring)
MPRegen  0.12/turn              (no ring)
                                (no ring)
                                (no ring)

@: lethally poisoned (0 -> -3)
A: almost no armour, stealthy swim, amphibious, 8 rings, constrict 8, camouflage
1, gelatinous body 1
a: Potion Petition, Call Merchant, Bribe Branch, Renounce Religion


You were on level 4 of the Dungeon.
You worshipped Gozag.
Gozag was aware of your devotion.
You were not hungry.

You visited 2 branches of the dungeon, and saw 6 of its levels.

You collected 256 gold pieces.
You paid 86 gold pieces to Gozag.

Inventory:

Hand Weapons
 a - a +2 dagger (weapon)
 b - a +0 blowgun
 s - a +0 whip of freezing
Missiles
 c - 7 poisoned needles
 d - 2 curare-tipped needles
 e - 183 stones (quivered)
 o - 26 arrows
 w - 9 bolts
Armour
 B - a +2 hat (worn)
Jewellery
 j - a +3 ring of strength (left tentacle)
Wands
 t - a wand of disintegration (19)
Scrolls
 g - a scroll of immolation {unknown}
 h - 2 scrolls of remove curse
 y - a scroll of magic mapping
Potions
 i - a potion of heal wounds
 m - a potion of brilliance
 p - 2 potions of curing
 r - 2 potions of haste
 u - a potion of berserk rage
 v - a potion of cancellation {unknown}
 z - a potion of degeneration {unknown}
 A - a potion of ambrosia {unknown}
Comestibles
 f - 6 rations


   Skills:
 + Level 3.3 Fighting
 + Level 3.4 Short Blades
 + Level 3.3 Throwing
 + Level 2.8 Dodging
 + Level 6.5 Stealth
 * Level 3.3 Spellcasting


You had 12 spell levels left.
You didn't know any spells.

Dungeon Overview and Level Annotations

Branches:
Dungeon (5/15)             Temple (1/1) D:4

Altars:
Ashenzari
Elyvilon
Fedhas
Gozag
Hepliaklqana
Kikubaaqudgha
Makhleb
Okawaru
Qazlal
Ru
Trog
Uskayaw
Xom
Yredelemnul
Zin

Annotations:
D:5 Menkaure


Innate Abilities, Weirdness & Mutations

You cannot wear most types of armour.
You are very stealthy in the water. (Stealth+)
You are amphibious.
You can wear up to eight rings at the same time.
You can use your tentacles to constrict eight enemies at once.
Your skin changes colour to match your surroundings (Stealth+).
Your rubbery body absorbs attacks. (AC +1, EV +1)


Message History

The gnoll unwields an uncursed spear.
The gnoll wields a blowgun.
The gnoll shoots a poisoned needle.
The poisoned needle hits you!
You are poisoned.
You feel sick.
You feel sick.
You feel sick.
The gnoll shouts!
You hear a bark!
The gnoll shoots a poisoned needle.
The poisoned needle barely misses you.
You feel sick.
There is a stone staircase leading up here.
You feel sick. The gnoll hits you with a falchion!
* * * LOW HITPOINT WARNING * * *
The jackal barks!
You climb upwards.
There is a stone staircase leading down here.
You hit the gnoll. You grab the gnoll.
The gnoll is heavily wounded.
You constrict the gnoll.
You feel sick. The gnoll hits you with a falchion.
You die...
Your body crumbles into a pile of gold.

........................,,,,,,,,,
........................,,,,,,,,,
......########..........,,,,,,,,,
####### ###.######*,*,,**,,, #
#.# *,*,,****, #.# *####,,,,** *,
#.# *...,,,*,,****
*********#######.###.#**,**,,,,*
,,,,,,,,,......g@....# *,***,,,**
*********####.....#### *,* *,,,,*
#........# *.# **,,,,
#....#...###.# *,,,,
##...##..##..# *,*,*
#...##.....##***,*,*
#...##.##.....##.*,*
#....#.###.##....*,*
#......##........,,,


You could see a gnoll.

Vanquished Creatures
  A howler monkey (D:4)
  2 hounds (D:5)
  2 bullfrog skeletons
  An orc priest (D:3)
  An iguana (D:5)
  Ijyb (D:3)
  A worker ant (D:5)
  6 gnolls (D:3)
  8 adders
  3 oozes
  2 worms
  4 dart slugs
  3 leopard geckos
  13 orcs
  5 giant cockroaches
  9 hobgoblins
  5 jackals
  2 quokkas (D:2)
  2 ball pythons
  4 bats
  5 frilled lizards
  7 goblins
  9 kobolds
  7 rats
103 creatures vanquished.

Notes
Turn   | Place    | Note
-------+----------+-------------------------------------------
     0 | D:1      | suicidejoker the Octopode Assassin began the quest for the Orb.
     0 | D:1      | Reached XP level 1. HP: 14/14 MP: 1/1
   119 | D:1      | Reached XP level 2. HP: 19/19 MP: 2/2
   444 | D:1      | Reached skill level 1 in Spellcasting
   535 | D:1      | Reached XP level 3. HP: 23/24 MP: 4/4
  1148 | D:2      | Reached XP level 4. HP: 30/30 MP: 6/6
  1912 | D:3      | Noticed Ijyb
  1929 | D:3      | Killed Ijyb
  1929 | D:3      | Reached XP level 5. HP: 29/35 MP: 6/8
  2164 | D:3      | Reached skill level 6 in Stealth
  2648 | D:3      | Reached XP level 6. HP: 30/41 MP: 9/9
  2835 | D:3      | Found a shimmering altar of Xom.
  2836 | D:3      | Found a hazy altar of Hepliaklqana.
  2836 | D:3      | Noticed a tentacled monstrosity
  2837 | D:3      | Noticed a spectral ugly thing
  2837 | D:3      | Noticed a tentacled monstrosity
  3479 | D:4      | Found a staircase to the Ecumenical Temple.
  3513 | Temple   | Entered the Ecumenical Temple
  3697 | Temple   | Became a worshipper of Gozag Ym Sagoz the Greedy
  3792 | D:5      | Entered Level 5 of the Dungeon
  3850 | D:5      | Reached XP level 7. HP: 38/46 MP: 11/11
  3861 | D:5      | Noticed Menkaure
  4059 | D:4      | Slain by a gnoll

Skill      XL: |  1  2  3  4  5  6 |
---------------+-------------------+-----
Spellcasting   | 1 2 3 |  3.3
Dodging        | 2 |  2.8
Stealth        | 6 |  6.5
Short Blades   | 3 |  3.4
Fighting       | 3 |  3.3
Throwing       | 3 |  3.3

Action                   |  1- 3 |  4- 6 |  7- 9 || total
-------------------------+-------+-------+-------++-------
Melee: Dagger            |    64 |   138 |    19 ||   221
       Constrict         |    17 |    32 |     7 ||    56
       Tentacles         |     9 |    28 |     2 ||    39
 Fire: Blowgun           |       |    14 |       ||    14
Throw: Stone             |       |    29 |    12 ||    41
Evoke: Wand              |       |     6 |       ||     6
  Use: Scroll            |       |    13 |     1 ||    14
       Potion            |       |     1 |       ||     1
 Stab: Sleeping          |    10 |    16 |       ||    26
       Distracted        |     1 |       |       ||     1
  Eat: Chunk             |       |     7 |       ||     7
       Ration            |       |     1 |       ||     1
Armor: Skin              |     3 |     7 |     2 ||    12
Dodge: Dodged            |    26 |    73 |     8 ||   107
